 Dungeon Crawl Stone Soup version 0.31-a0-188-g5e087ee2ca (webtiles) character file.

Game seed: 9961242936074427210

51 qw the Shooter (level 3, 0/20 HPs)
             Began as a Deep Elf Hunter on June 23, 2023.
             Slain by a gnoll
             ... wielding a +0 halberd
              (10 damage)
             ... on level 2 of the Dungeon.
             The game lasted 00:00:32 (1059 turns).

qw the Shooter (Deep Elf Hunter)                    Turns: 1059, Time: 00:00:32

Health: 0/20       AC:  6    Str: 10    XL:     3   Next: 58%
Magic:  5/5        EV: 11    Int: 13    God:
Gold:   71         SH:  0    Dex: 18    Spells: 2/2 levels left

rFire   . . .        Y - +0 shortbow
rCold   . . .        (shield currently unavailable)
rNeg    . . .        d - +0 ring mail
rPois   +            (no helmet)
rElec   .            (no cloak)
rCorr   .            (no gloves)
SInv    .            g - +0 pair of boots
Will    .....        (no amulet)
Stlth   +            i - ring of poison resistance
HPRegen 0.23/turn    (no ring)
MPRegen 0.09/turn

%: no passive effects
@: no status effects
A: no striking features
a: no special abilities


You were on level 2 of the Dungeon.
You visited 1 branch of the dungeon, and saw 2 of its levels.

You collected 71 gold pieces.


   Skills:
 - Level 1.5 Fighting
 + Level 7.1 Ranged Weapons
 - Level 2.4 Dodging
 - Level 1.2 Stealth


You had 2 spell levels left.
You didn't know any spells.
Your spell library was empty.

Inventory:

Hand Weapons
 Y - a +0 shortbow (weapon)
Armour
 d - a +0 ring mail (worn)
 g - a +0 pair of boots (worn)
Jewellery
 i - a ring of poison resistance (left hand)
Scrolls
 a - 2 scrolls of identify {unknown}
 b - 2 scrolls of fear {unknown}
Potions
 c - 2 potions of attraction {unknown}
 e - a potion of cancellation {unknown}
 f - a potion of magic {unknown}

Dungeon Overview and Level Annotations

Branches:
Dungeon (2/15)

Altars:


Message History

The gnoll shouts!
The gnoll is heavily wounded.
The kobold shouts!
You hear a shout!
A gnoll comes into view. It is wielding a +0 club.
The gnoll shouts!
You shoot an arrow. The arrow barely misses the gnoll.
The arrow hits the gnoll.
The gnoll is lightly wounded.
A gnoll comes into view. It is wielding a +0 halberd.
You shoot an arrow. The arrow barely misses the gnoll.
The arrow closely misses the gnoll.
You hear a shout!
You shoot an arrow. The arrow hits the gnoll.
The gnoll is severely wounded.
You shoot an arrow. The arrow completely misses the gnoll.
The arrow hits the gnoll but does no damage.
The gnoll is lightly wounded.
A gnoll comes into view. It is wielding a +0 halberd.
You shoot an arrow. The arrow hits the gnoll.
You kill the gnoll!
The gnoll hits you with a +0 club.
Your Ranged Weapons skill increases to level 7!
You shoot an arrow. The arrow hits the gnoll.
The gnoll is lightly wounded.
You hear a shout!
The gnoll hits you with a +0 club.
You shoot an arrow. The arrow completely misses the gnoll.
The arrow hits the gnoll!
The gnoll is almost dead.
A kobold comes into view. It is wielding a +0 dagger.
The kobold hits you but does no damage. The gnoll misses you.
You shoot an arrow. The arrow hits the gnoll.
The gnoll is heavily wounded.
The gnoll closely misses you. The kobold barely misses you.
The gnoll hits you from afar with a +0 halberd.
You shoot an arrow.
The arrow hits the gnoll but does no damage.
The gnoll is heavily wounded.
The gnoll hits you from afar with a +0 halberd!
Ouch! That really hurt!
You die...

...........#.#...#######......##
...........#.#...# ##.........##
#######....#.....####...........#
#....#.......#............#
#....#......##...77777)...#
#.####.#....#...(7.)..7:..# #.#
#.#....#....7.7.7....# #.#
#.#....#...7....7....# #.#
#.#..@g#....77777...##
#.#..)K#............#
#.###gg#...........##
.K.##.........## ....##......###
.....######### .#...# ..+...+


You could see 3 gnolls and 2 kobolds.

Vanquished Creatures
  A gnoll (D:2)
  A worm (D:2)
  A ball python (D:1)
  9 bats
  4 endoplasms
  2 giant cockroaches
  2 goblins (D:1)
  3 hobgoblins (D:1)
  2 quokkas (D:1)
  3 frilled lizards (D:1)
  4 kobolds
  5 rats
37 creatures vanquished.

Notes
Turn   | Place    | Note
-------+----------+-------------------------------------------
     0 | D:1      | qw the Deep Elf Hunter began the quest for the Orb.
     0 | D:1      | Reached XP level 1. HP: 12/12 MP: 3/3
     0 | D:1      | 0 ||| qw: Version: 0.3-a-9-g12657ce
     0 | D:1      | 0 ||| qw: Game counter: 4110
     0 | D:1      | 0 ||| qw: Always use a shield: true
     0 | D:1      | 0 ||| qw: God list: Okawaru
     0 | D:1      | 0 ||| qw: Allow faded altars: false
     0 | D:1      | 0 ||| qw: Do Orc after D:15 true
     0 | D:1      | 0 ||| qw: Do second Lair branch before Depths: true
     0 | D:1      | 0 ||| qw: Lair rune preference: random
     0 | D:1      | 0 ||| qw: Plans: Normal
     0 | D:1      | 0 ||| PLANNING D:1-11
   119 | D:1      | Reached skill level 6 in Ranged Weapons
   119 | D:1      | Reached XP level 2. HP: 16/16 MP: 4/4
   483 | D:1      | Reached XP level 3. HP: 20/20 MP: 5/5
   745 | D:1      | 745 ||| UPGRADING to +0 ring mail.
   755 | D:1      | 755 ||| DROPPING +0 leather armour.
   756 | D:1      | 756 ||| UPGRADING to +0 pair of boots.
   761 | D:1      | 761 ||| UPGRADING to ring of poison resistance.
   762 | D:1      | 762 ||| READING scroll labelled ECECUX PIEXKA.
   763 | D:1      | 763 ||| READING scroll labelled PATOUXECYOD.
   764 | D:1      | 764 ||| DROPPING scroll of butterflies.
   929 | D:2      | 929 ||| FLEEEEING.
   930 | D:2      | 930 ||| FLEEEEING.
   931 | D:2      | 931 ||| FLEEEEING.
   932 | D:2      | 932 ||| FLEEEEING.
   933 | D:2      | 933 ||| FLEEEEING.
   939 | D:2      | 939 ||| FLEEEEING.
   940 | D:2      | 940 ||| FLEEEEING.
  1056 | D:2      | Reached skill level 7 in Ranged Weapons
  1059 | D:2      | Slain by a gnoll

Levels and vault maps discovered:
D:1:      erik_arrival_orb_chamber, layout_loops_ring
D:2:      layout_basic, kennysheep_potato

Skill      XL: |  1  2  3 |
---------------+----------+-----
Ranged Weapons | 6 7 |  7.1
Fighting       | |  1.5
Dodging        | |  2.4
Stealth        | |  1.2

Action                     || total
---------------------------++-------
   Fire: Shortbow          ||   135
    Use: Scroll            ||     2
 Armour: Leather armour    ||     9
         Ring mail         ||    10
  Dodge: Dodged            ||    34

Table legend:
 A = Non-vault XP
 B = Vault XP
 C = Vault XP percentage of total XP
 D = Non-vault monster count
 E = Vault monster count
 F = Vault count percentage of total count
                 A         B        C        D         E       F
            +---------+---------+-------+---------+---------+-------
      Total |      72 |       2 |   2.7 |      35 |       2 |   5.4
            +---------+---------+-------+---------+---------+-------
        D:1 |      47 |       0 |   0.0 |      30 |       0 |   0.0
        D:2 |      25 |       2 |   7.4 |       5 |       2 |  28.6
            +---------+---------+-------+---------+---------+-------
